 Dungeon Crawl Stone Soup version 0.28-a0-297-g99b01970c5 (webtiles) character file.

Game seed: 925429841299216292

1404 Gargoyl the Skirmisher (level 8, -2/67 HPs)
             Began as a Gnoll Abyssal Knight on Aug 29, 2021.
             Was an Elder of Lugonu.
             Slain by an orc warrior (9 damage)
             ... on level 5 of the Dungeon.
             The game lasted 00:08:14 (5481 turns).

Gargoyl the Skirmisher (Gnoll Abyssal Knight)       Turns: 5481, Time: 00:08:15

Health: -2/67      AC: 10    Str: 13    XL:     8   Next: 69%
Magic:  0/13       EV: 11    Int: 17    God:    Lugonu [****..]
Gold:   402        SH:  0    Dex: 22    Spells: 14/14 levels left

rFire   . . .      SeeInvis .   b - +5 scythe (vamp)
rCold   + . .      Faith    .   (shield currently unavailable)
rNeg    . . .      Spirit   +   h - +0 scale mail
rPois   .          Reflect  .   e - +0 hat "Hepsys" {rC+ Int+5 Dex+4}
rElec   .          Harm     .   u - scarf {repulsion}
rCorr   .          Rampage  .   k - +0 pair of gloves
Will    .....                   l - +0 pair of boots
Stlth   ++........              j - amulet of guardian spirit
HPRegen 0.21/turn               g - +6 ring of dexterity
MPRegen 0.13/turn               (no ring)

@: repel missiles
A: fangs 1, strong nose, distributed training
a: Renounce Religion, Depart the Abyss, Bend Space, Banish, Corrupt


You were on level 5 of the Dungeon.
You worshipped Lugonu.
Lugonu was greatly pleased with you.
You visited 1 branch of the dungeon, and saw 6 of its levels.
You visited the Abyss 1 time.

You collected 402 gold pieces.

Inventory:

Hand Weapons
 a - a +1 hand axe
 b - a +5 vampiric scythe (weapon)
 c - a +4 long sword
Missiles
 v - 21 poisoned darts (quivered)
Armour
 e - the +0 hat "Hepsys" (worn) {rC+ Int+5 Dex+4}
   (You acquired it on level 3 of the Dungeon)

   Int:       It affects your intelligence (+5).
   Dex:       It affects your dexterity (+4).
   rC:        It protects you from cold.
 h - a +0 scale mail (worn)
 k - a +0 pair of gloves (worn)
 l - a +0 pair of boots (worn)
 m - a +0 cloak
 u - a scarf of repulsion (worn)
Jewellery
 g - a +6 ring of dexterity (left hand)
 j - an amulet of guardian spirit (around neck)
Wands
 d - a wand of iceblast (3)
 f - a wand of polymorph (11)
 q - a wand of mindburst (7)
Scrolls
 n - a scroll of fog
Potions
 i - 2 potions of curing
 o - a potion of flight
 p - a potion of invisibility
 r - a potion of magic
 s - a potion of might {unknown}
 t - 2 potions of resistance {unknown}


   Skills:
 + Level 7.5 Fighting
 + Level 3.5 Short Blades
 + Level 3.5 Long Blades
 + Level 5.8 Axes
 + Level 3.5 Maces & Flails
 + Level 3.5 Polearms
 + Level 3.5 Staves
 + Level 3.5 Slings
 + Level 3.5 Bows
 + Level 3.5 Crossbows
 + Level 3.5 Throwing
 + Level 5.8 Armour
 + Level 4.4 Dodging
 + Level 3.5 Stealth
 + Level 3.5 Shields
 + Level 3.5 Unarmed Combat
 + Level 3.5 Spellcasting
 + Level 2.8 Conjurations
 + Level 2.8 Hexes
 + Level 2.8 Summonings
 + Level 2.8 Necromancy
 + Level 2.8 Translocations
 + Level 2.8 Transmutations
 + Level 2.8 Fire Magic
 + Level 2.8 Ice Magic
 + Level 2.8 Air Magic
 + Level 2.8 Earth Magic
 + Level 2.8 Poison Magic
 + Level 6.0 Invocations
 + Level 3.5 Evocations


You had 14 spell levels left.
You didn't know any spells.
Your spell library contained the following spells:

 Spells                   Type           Power      Damage    Failure   Level
 Freeze                   Ice            48%        1d7       21%         1
 Call Canine Familiar     Summ           12%        N/A       52%         3
 Frozen Ramparts          Ice            24%        1d4       52%         3
 Portal Projectile        Hex/Tloc       24%        N/A       52%         3
 Hailstorm                Conj/Ice       12%        3d5       90%         4
 Leda's Liquefaction      Hex/Erth       6%         N/A       90%         4


Dungeon Overview and Level Annotations

Branches:
Dungeon (6/15)             Temple (0/1) D:5

Altars:
Ashenzari
Cheibriados
Dithmenos
Qazlal
Ru
Vehumet


Innate Abilities, Weirdness & Mutations

You have very sharp teeth.
Your uncanny sense of smell can sniff out nearby items.
Your experience applies equally to all skills.


Message History

The orc warrior closely misses you.
You slash the orc warrior!
The orc warrior is heavily wounded.
You hear a shout!
The orc warrior hits you with a +0 long sword!
A gnoll sergeant comes into view. It is wielding a +0 trident.
The orc warrior hits you with a +0 long sword.
You barely miss the orc warrior.
You bite the orc warrior, but do no damage.
The orc warrior is heavily wounded.
The orc warrior hits you with a +0 long sword.
The gnoll sergeant hits you from afar with a +0 trident!
The gnoll sergeant hits you from afar with a +0 trident.
The orc warrior hits you with a +0 long sword!
There is a stone staircase leading up here.
The orc warrior hits you with a +0 long sword.
You climb upwards.
There is a stone staircase leading down here.
You slash the orc warrior! Your bite misses the orc warrior.
The orc warrior is severely wounded.
The orc warrior barely misses you. The orc warrior closely misses you.
The orc warrior blocks your attack.
The orc warrior is severely wounded.
The orc warrior hits you but does no damage.
The orc warrior barely misses you.
You closely miss the orc warrior.
The orc warrior is severely wounded.
The orc warrior hits you with a +0 long sword!
* * * LOW HITPOINT WARNING * * *
The orc warrior hits you but does no damage.
The orc warrior blocks your attack.
The orc warrior is severely wounded.
The orc warrior hits you with a +0 long sword.
* * * LOW HITPOINT WARNING * * *
You closely miss the orc warrior.
The orc warrior is severely wounded.
The orc warrior hits you with a +0 long sword!
* * * LOW HITPOINT WARNING * * *
The orc warrior hits you with a +0 long sword!
You die...

.#.#....######.....##....#.#
# ...#....#
########.....>.#.# #
.#.###### #.# ##....#.#.## #
.#.# #.# ###........#####
...# #.# ###...............
..## ##.# #....##......#####
..# ##..## #...######...#
..#######....#
#....#########
..##......##.###@........##
.....#######.....o.#####..#
......# #?.###### ##.####
......# ####..### #....####
....<.# #.......# ####....#
[.....# #.......# ####..
......# #.......# ###
......# ######### #######


You could see an orc warrior.

Vanquished Creatures
  A troll (D:5)
  Sigmund (D:3)
  2 black bears (D:4)
  2 ogres
  A scorpion (D:4)
  A howler monkey (D:4)
  A bullfrog zombie (D:5)
  2 orc priests (D:4)
  2 hounds
  2 jellies
  A bullfrog skeleton (D:4)
  Ijyb (D:3)
  Jessica (D:3)
  An iguana (D:5)
  2 orc wizards
  A hound zombie (D:5)
  A hound skeleton (D:4)
  A howler monkey zombie (D:6)
  5 adders
  A white imp (D:6)
  3 dart slugs
  13 orcs
  11 ball pythons
  6 bats
  7 endoplasms
  13 giant cockroaches (D:3)
  11 goblins
  12 hobgoblins
  2 kobolds
  6 quokkas
  3 frilled lizards
  9 rats
126 creatures vanquished.

Vanquished Creatures (others)
  A plant (D:3)
1 creature vanquished.

Grand Total: 127 creatures vanquished

Notes
Turn   | Place    | Note
-------+----------+-------------------------------------------
     0 | Abyss:1  | Gargoyl the Gnoll Abyssal Knight began the quest for the
                  | Orb.
     0 | Abyss:1  | Reached XP level 1. HP: 23/23 MP: 3/3
    16 | Abyss:2  | Found a corrupted altar of Lugonu.
    42 | Abyss:2  | Noticed a sun demon
    85 | Abyss:4  | Noticed a small abomination
    91 | Abyss:4  | Noticed a large abomination
    93 | Abyss:4  | Noticed a starcursed mass
   106 | Abyss:5  | Entered Level 5 of the Abyss
   120 | Abyss:5  | Noticed a chaos spawn
   143 | Abyss:5  | Noticed a large abomination
   148 | Abyss:5  | Noticed a wretched star
   154 | Abyss:5  | Noticed a large abomination
   161 | Abyss:5  | Noticed a large abomination
   161 | Abyss:5  | Noticed a small abomination
   162 | Abyss:5  | Noticed a large abomination
   165 | Abyss:5  | Noticed a large abomination
   165 | Abyss:5  | Noticed a wretched star
   167 | D:1      | Escaped the Abyss
   437 | D:1      | Reached * piety under Lugonu
   440 | D:1      | Reached XP level 2. HP: 26/29 MP: 5/5
   544 | D:1      | Found a faded altar of an unknown god.
  1112 | D:1      | Reached XP level 3. HP: 33/35 MP: 6/6
  2050 | D:3      | Reached skill level 1 in Short Blades
  2050 | D:3      | Reached skill level 1 in Long Blades
  2050 | D:3      | Reached skill level 1 in Maces & Flails
  2050 | D:3      | Reached skill level 1 in Polearms
  2050 | D:3      | Reached skill level 1 in Staves
  2050 | D:3      | Reached skill level 1 in Slings
  2050 | D:3      | Reached skill level 1 in Bows
  2050 | D:3      | Reached skill level 1 in Crossbows
  2050 | D:3      | Reached skill level 1 in Throwing
  2050 | D:3      | Reached skill level 1 in Stealth
  2050 | D:3      | Reached skill level 1 in Shields
  2050 | D:3      | Reached skill level 1 in Unarmed Combat
  2050 | D:3      | Reached skill level 1 in Spellcasting
  2050 | D:3      | Reached skill level 1 in Evocations
  2197 | D:3      | Reached XP level 4. HP: 37/41 MP: 7/7
  2198 | D:3      | Reached ** piety under Lugonu
  2261 | D:3      | Noticed Ijyb
  2291 | D:3      | Killed Ijyb
  2292 | D:3      | Reached skill level 1 in Conjurations
  2292 | D:3      | Reached skill level 1 in Hexes
  2292 | D:3      | Reached skill level 1 in Summonings
  2292 | D:3      | Reached skill level 1 in Necromancy
  2292 | D:3      | Reached skill level 1 in Translocations
  2292 | D:3      | Reached skill level 1 in Transmutations
  2292 | D:3      | Reached skill level 1 in Fire Magic
  2292 | D:3      | Reached skill level 1 in Ice Magic
  2292 | D:3      | Reached skill level 1 in Air Magic
  2292 | D:3      | Reached skill level 1 in Earth Magic
  2292 | D:3      | Reached skill level 1 in Poison Magic
  2576 | D:3      | Noticed Sigmund
  2597 | D:3      | Killed Sigmund
  2598 | D:3      | Reached skill level 5 in Invocations
  2598 | D:3      | Reached XP level 5. HP: 37/47 MP: 6/8
  2598 | D:3      | Reached XP level 6. HP: 41/53 MP: 6/9
  2719 | D:3      | Reached skill level 5 in Axes
  2719 | D:3      | Reached skill level 5 in Armour
  2790 | D:3      | Identified a scroll of acquirement
  2790 | D:3      | Acquired the +0 hat "Hepsys" {rC+ Int+5 Dex+4}
  2810 | D:3      | Noticed Jessica
  2815 | D:3      | Killed Jessica
  2940 | D:3      | You fall into a shaft and drop 3 floors!
  2943 | D:5      | Entered Level 5 of the Dungeon
  3103 | D:4      | Reached XP level 7. HP: 59/59 MP: 10/10
  3150 | D:4      | Reached skill level 7 in Fighting
  3503 | D:4      | Reached *** piety under Lugonu
  3877 | D:3      | Reached XP level 8. HP: 67/67 MP: 12/12
  3990 | D:3      | Found a snail-covered altar of Cheibriados.
  3990 | D:3      | Found a sacrificial altar of Ru.
  3991 | D:3      | Found a broken altar of Ashenzari.
  4170 | D:4      | Found a shadowy altar of Dithmenos.
  4589 | D:5      | Found a staircase to the Ecumenical Temple.
  4819 | D:5      | Noticed a troll
  5181 | D:5      | Killed a troll
  5304 | D:6      | Found a stormy altar of Qazlal.
  5312 | D:6      | Reached **** piety under Lugonu
  5399 | D:6      | Found a radiant altar of Vehumet.
  5481 | D:5      | Slain by an orc warrior

Illustrated notes

Levels and vault maps discovered:
D:1:      kilobyte_arrival_exit_the_forest, layout_loops_ring,
          ebering_ecumenical_altar_abandoned, st_stairs_9
D:2:      layout_basic, chequers_avenue
D:3:      minmay_roachtagon, layout_basic, gammafunk_temple_overflow_forgotten,
          uniq_jessica, uniq_ijyb, uniq_sigmund
D:4:      layout_loops_ring, grunt_dithmenos_smoke_and_mirrors
D:5:      layout_rooms, minmay_temple_entry_mini_moons
D:6:      layout_loops_ring, mainiacjoe_overflow_24_doors, tso_oasis_becter,
          grunt_qazlal_clouds, minmay_misc_feat_rows, sword_in_stone

Skill      XL: |  1  2  3  4  5  6  7  8 |
---------------+-------------------------+-----
Short Blades   | 1 2 3 |  3.5
Long Blades    | 1 2 3 |  3.5
Maces & Flails | 1 2 3 |  3.5
Polearms       | 1 2 3 |  3.5
Staves         | 1 2 3 |  3.5
Slings         | 1 2 3 |  3.5
Bows           | 1 2 3 |  3.5
Crossbows      | 1 2 3 |  3.5
Throwing       | 1 2 3 |  3.5
Stealth        | 1 2 3 |  3.5
Shields        | 1 2 3 |  3.5
Unarmed Combat | 1 2 3 |  3.5
Spellcasting   | 1 2 3 |  3.5
Evocations     | 1 2 3 |  3.5
Conjurations   | 1 2 |  2.8
Hexes          | 1 2 |  2.8
Summonings     | 1 2 |  2.8
Necromancy     | 1 2 |  2.8
Translocations | 1 2 |  2.8
Transmutations | 1 2 |  2.8
Fire Magic     | 1 2 |  2.8
Ice Magic      | 1 2 |  2.8
Air Magic      | 1 2 |  2.8
Earth Magic    | 1 2 |  2.8
Poison Magic   | 1 2 |  2.8
Dodging        | 3 4 |  4.4
Invocations    | 5 6 |  6.0
Axes           | 5 |  5.8
Armour         | 5 |  5.8
Fighting       | 7 |  7.5

Action                   |  1- 3 |  4- 6 |  7- 9 || total
-------------------------+-------+-------+-------++-------
Melee: Long sword        |   110 |    50 |       ||   160
       Bite              |     7 |     6 |    13 ||    26
       Scythe            |       |    31 |   157 ||   188
Invok: Depart the Abyss  |     1 |       |       ||     1
       Bend Space        |       |       |     1 ||     1
Evoke: Wand              |     1 |       |     5 ||     6
  Use: Scroll            |    10 |     2 |     6 ||    18
       Potion            |       |     4 |     1 ||     5
 Stab: Sleeping          |       |       |     1 ||     1
Armor: Scale mail        |    82 |    45 |   136 ||   263
       Leather armour    |     2 |       |       ||     2
Dodge: Dodged            |    93 |    41 |   163 ||   297
       Repelled          |       |       |     1 ||     1

Table legend: (Time is in decaauts)
 A = Elapsed time spent in this place.
 B = Non-inter-level travel time spent in this place.
 C = Inter-level travel time spent in this place.
 D = Time resting spent in this place.
 E = Time spent auto-exploring this place.
 F = Levels seen in this place.
 G = Mean time per level.
                   A        B        C        D        E       F      G
               +--------+--------+--------+--------+--------+-----+--------+
         Total |   5667 |   5496 |    171 |    511 |   3549 |  11 |  515.2 |
       Dungeon |   5509 |   5338 |    171 |    511 |   3499 |   6 |  918.2 |
         Abyss |    158 |    158 |      0 |      0 |     50 |   5 |   31.6 |
               +--------+--------+--------+--------+--------+-----+--------+

Top non-repeatable levels by time:
     D:4: 1583 daAuts
     D:3: 1173 daAuts
     D:1: 1142 daAuts
     D:2: 764 daAuts
     D:5: 589 daAuts
     D:6: 255 daAuts
 Abyss:5: 52 daAuts
 Abyss:2: 36 daAuts
 Abyss:4: 34 daAuts
 Abyss:3: 18 daAuts
 Abyss:1: 16 daAuts
